Map: Site Delta LE

Players

turdburglar - Winner!

  • Race: Terran Terran
  • League: Diamond
  • Spawn Location: 5:00

Romano

  • Race: Terran Terran
  • League: Diamond
  • Spawn Location: 11:00

VOD

Have the link to the VOD?

Description

Time

  • Played on: Dec. 22, 2023, 1:54 p.m.
  • Length: 10:03
Show
View Real Time Build Order
Export as new Build Order

turdburglar Terran - Winner!

Build Orders:  

Get SALT Encoding   

  12  0:00  SCV  
  13  0:14  SCV  
  14  0:21  Supply Depot  
  14  0:26  SCV  
  15  0:43  SCV  
  15  0:44  Barracks  
  16  0:55  SCV  
  17  1:03  Barracks  
  17  1:17  SCV  
  18  1:32  Barracks  
  18  1:34  Marine  
  18  1:39  Barracks  
  19  1:42  Orbital Command  
  19  1:53  Marine, Supply Depot  
  20  1:57  Marine  
  21  2:12  SCV  
  21  2:15  Marine x2  
  23  2:21  Supply Depot, Marine  
  25  2:27  Marine  
  26  2:34  Marine x2  
  28  2:39  Marine  
  29  2:46  SCV  
  29  2:47  Marine  
  31  2:52  Marine  
  31  2:57  Marine x2  
  34  2:59  Bunker  
  34  3:11  Marine x2  
  36  3:18  Marine  
  36  3:19  Marine  
  38  3:36  Marine  
  38  3:41  Supply Depot  
  39  3:42  Supply Depot  
  35  4:02  Marine x3  
  37  4:27  Orbital Command  
  37  4:29  Supply Depot x2  
  37  4:51  Marine x3  
  38  5:45  Refinery  
  38  5:47  Refinery  
  38  6:27  Supply Depot  
  38  6:30  Marine  
  38  6:31  SCV, Marine x2  
  42  6:43  SCV  
  43  6:50  Supply Depot  
  43  6:55  SCV  
  44  7:04  Command Center  
  44  7:09  Factory, SCV  
  45  7:35  SCV  
  46  7:47  SCV  
  47  7:55  Supply Depot  
  47  7:59  SCV  
  47  8:03  Starport  
  48  8:11  SCV  
  49  8:24  SCV  
  50  8:28  Orbital Command  
  50  8:36  SCV  
  50  8:39  Viking  
  53  8:48  SCV  
  54  8:55  SCV  
  55  9:00  SCV  
  56  9:07  SCV  
  56  9:09  Command Center  
  57  9:10  Starport Reactor  
  57  9:20  SCV  
  57  9:21  SCV, Starport  
  59  9:27  Barracks Reactor, Barracks Tech Lab x2  
  59  9:37  Barracks Reactor  
Show
View Real Time Build Order
Export as new Build Order

Romano Terran 

Build Orders:  

Get SALT Encoding   

  12  0:00  SCV  
  13  0:12  SCV  
  14  0:18  Supply Depot  
  14  0:24  SCV  
  15  0:40  SCV  
  15  0:42  Barracks  
  16  0:45  Refinery  
  16  0:52  SCV  
  17  1:04  Barracks  
  17  1:05  SCV  
  18  1:17  SCV  
  19  1:21  Barracks  
  19  1:30  Barracks Tech Lab  
  19  1:50  Marauder  
  19  1:53  Marine  
  22  1:54  Orbital Command  
  22  1:58  Supply Depot  
  22  2:08  Marine  
  23  2:20  Marauder, SCV, Marine  
  27  2:24  Concussive Shells  
  27  2:28  Marine  
  28  2:32  SCV  
  29  2:40  Marine  
  30  2:49  Supply Depot, Marine  
  30  3:01  Marauder  
  20  4:17  Command Center  
  20  4:30  Bunker  
  20  4:31  Supply Depot  
  20  4:38  Supply Depot  
    7:28  Orbital Command  
    7:54  SCV  
  1  8:09  SCV  
  2  8:20  Supply Depot  
  2  8:21  SCV  
  3  8:33  SCV  
  4  8:43  Barracks  
  4  8:45  SCV  
  5  8:58  SCV  
  6  9:10  SCV  
  7  9:22  SCV  
  8  9:31  Factory  
  8  9:32  Marine  
  8  9:34  SCV  
  8  9:37  Refinery  
  4  9:46  SCV  
Tags
 
Matchup
TvT
Race
Terran
Spawn Locations
Cross Positions
Add a new tag
Caveats
  • Supply blocks, unpowered buildings, or Contaminate may cause inaccurate times.
  • Supply counts are checked every 10 seconds.